 Dungeon Crawl Stone Soup version 0.16-a0-3171-gce70061 (webtiles) character file.

344676 PolkaDot the Convoker (level 20, -1/147 HPs)
             Began as a Vampire Summoner on Dec 15, 2014.
             Was the Champion of Sif Muna.
             Killed from afar by a deep elf annihilator (59 damage)
             ... with an iron shot
             ... on level 3 of the Elven Halls on Dec 16, 2014.
             The game lasted 09:03:33 (78166 turns).

PolkaDot the Convoker (Vampire Summoner)           Turns: 78166, Time: 09:03:33

Health: -1/147     AC: 15    Str:  7      XL:     20   Next: 78%
Magic:  1/35       EV: 17    Int: 27 (28) God:    Sif Muna [******]
Gold:   5980       SH: 13    Dex: 15      Spells: 9 memorised, 0 levels left

rFire  + + .     SeeInvis +     a - +10 scimitar of Blores {speed, rF++ rN+}
rCold  + + +     Clarity  .     B - +4 troll leather armour
rNeg   + + +     SustAb   +     o - +2 shield {reflect} {Donald}
rPois  +         Gourm    .     L - +0 helmet of Qicuvuc {+Inv rC+ Dex+1 Stlth+}
rElec  .         Spirit   .     H - +2 cloak {MR+}
rCorr  .         Warding  .     K - +2 pair of gloves
rMut   +         Stasis   .     (no boots)
MR     +++..                    Z - amulet of resist mutation
Stlth  ++++++....               O - ring of Kizoith {+Blink +Fly AC+5 Stlth-}
                                l - ring of sustain abilities

@: brilliant, lethally poisoned, controlling teleports, corroded equipment, very
slightly contaminated, regenerating slowly, hasted, very quick, extremely
resistant to hostile enchantments, very stealthy
A: bottle blood, fangs 3, see invisible, unbreathing
a: Bat Form, Channel Energy, Forget Spell, Renounce Religion, Evoke Blink, Evoke
Invisibility, Evoke Flight
}: 3/15 runes: decaying, silver, gossamer


You were on level 3 of the Elven Halls.
You worshipped Sif Muna.
Sif Muna was exalted by your worship.
You were near bloodless.

You visited 8 branches of the dungeon, and saw 46 of its levels.
You visited the Abyss 1 time.
You also visited: Labyrinth.

You collected 6790 gold pieces.
You spent 810 gold pieces at shops.

Inventory:

Hand weapons
 a - the +10 scimitar of Blores (weapon) {speed, rF++ rN+}
   (You found it on level 10 of the Dungeon)

   Attacks with this weapon are significantly faster.
   It greatly protects you from fire.
   It protects you from negative energy.
Missiles
 u - 4 throwing nets (quivered)
Armour
 o - a +2 shield of reflection (worn) {Donald}
 z - the +0 shield of Culotep {Str+1 Stlth+}
   (You found it on level 1 of the Abyss)

   It affects your strength (+1).
   It makes you more stealthy.
 B - a +4 troll leather armour (worn)
 H - a +2 cloak of magic resistance (worn)
 K - a +2 pair of gloves (worn)
 L - the +0 helmet of Qicuvuc (worn) {+Inv rC+ Dex+1 Stlth+}
   (You found it in a labyrinth)

   It affects your dexterity (+1).
   It protects you from cold.
   It lets you turn invisible.
   It makes you more stealthy.
Magical staves
 b - an uncursed staff of summoning
Jewellery
 l - a ring of sustain abilities (left hand)
 m - the ring "Yxzy Cyo" {Int+1 Stlth+}
   (You found it on level 2 of the Abyss)

   [ring of intelligence]

   It affects your intelligence (+1).
   It makes you more stealthy.
 y - an uncursed amulet of stasis
 O - the ring of Kizoith (right hand) {+Blink +Fly AC+5 Stlth-}
   (You found it in a labyrinth)

   [ring of protection]

   It affects your AC (+5).
   It lets you fly.
   It lets you blink.
   It makes you less stealthy.
 Z - an amulet of resist mutation (around neck)
Magical devices
 d - a wand of hasting (1)
 i - a wand of teleportation (6)
 j - a wand of digging (16)
Scrolls
 r - 7 scrolls of recharging
 s - 24 scrolls of remove curse
 v - 7 scrolls of magic mapping
 C - 4 scrolls of identify
 D - 3 scrolls of fog
 E - 5 scrolls of immolation
 G - 2 scrolls of torment
 I - 8 scrolls of enchant weapon
 J - a scroll of enchant armour
 S - 2 scrolls of fear
Potions
 e - a potion of ambrosia
 h - a potion of cancellation
 k - 2 potions of magic
 n - 5 potions of restore abilities
 p - 5 potions of brilliance
 x - 8 potions of resistance
 A - a potion of agility
 M - 2 potions of flight
 W - 7 potions of blood {@*1}
 Y - 3 potions of might
Books
 f - a book of Debilitation

   Spells                             Type                      Level
   a - Corona                         Hexes                        1
   b - Slow                           Hexes                        2
   c - Inner Flame                    Hexes/Fire                   3
   d - Enslavement                    Hexes                        4
   e - Cause Fear                     Hexes                        4
   f - Leda's Liquefaction            Hexes/Earth                  4
 g - a book of Burglary

   Spells                             Type                      Level
   a - Swiftness                      Charms/Air                   2
   b - Passwall                       Transmutation/Earth          3
   c - Passage of Golubria            Translocation                4
   d - Lee's Rapid Deconstruction     Earth                        5
   e - Invisibility                   Hexes                        6
   f - Darkness                       Hexes                        7
 N - a book of Fire

   Spells                             Type                      Level
   a - Ignite Poison                  Fire/Transmutation           5
   b - Fireball                       Conjuration/Fire             5
   c - Bolt of Fire                   Conjuration/Fire             6
   d - Delayed Fireball               Conjuration/Fire             7
   e - Ring of Flames                 Charms/Fire                  7
 P - Khad's Reference Book on Earthen Augmentations
   (You found it in a labyrinth)

   Spells                             Type                      Level
   a - Infusion                       Charms                       1
   b - Sandblast                      Earth                        1
   c - Stone Arrow                    Conjuration/Earth            3
   d - Spectral Weapon                Hexes/Charms                 3
   e - Control Teleport               Charms/Translocation         4
   f - Bolt of Magma                  Conjuration/Fire/Earth       5
   g - Haste                          Charms                       6
   h - Ring of Flames                 Charms/Fire                  7
 V - a Grand Grimoire {highlevel}

   Spells                             Type                      Level
   a - Aura of Abjuration             Summoning                    6
   b - Forceful Dismissal             Summoning                    6
   c - Summon Greater Demon           Summoning                    7
   d - Malign Gateway                 Summoning/Translocation      7
   e - Summon Horrible Things         Summoning                    8
Miscellaneous
 c - a lamp of fire
 q - a lamp of fire
 t - a sack of spiders
 w - a lantern of shadows
 F - a fan of gales
 Q - a lamp of fire
 T - a phial of floods
 U - a phial of floods
 X - a phial of floods


   Skills:
 - Level 10.2 Fighting
   Level 11.0(13.9) Short Blades
 - Level 13.0(14.2) Long Blades
 - Level 10.7 Dodging
 - Level 12.0 Stealth
 * Level 12.1 Shields
 - Level 9.0 Spellcasting
   Level 5.0 Hexes
 - Level 10.2 Charms
 + Level 19.2 Summonings
 - Level 2.6 Translocations
 - Level 5.0 Ice Magic
 - Level 10.1 Air Magic
 - Level 5.5 Invocations
 + Level 9.6 Evocations


You couldn't memorise any spells.
You knew the following spells:

 Your Spells              Type           Power        Failure   Level  Hunger
a - Apportation           Tloc           #####.....   1%          1    None
b - Summon Butterflies    Summ           #######.     0%          1    None
c - Control Teleport      Chrm/Tloc      ######....   1%          4    #......
j - Abjuration            Summ           #######...   0%          3    None
m - Monstrous Menagerie   Summ           #######...   1%          6    ######.
o - Ozocubu's Armour      Chrm/Ice       ######..     1%          3    None
s - Shadow Creatures      Summ           N/A          1%          5    ####...
x - Summon Horrible Thin  Summ           #######...   2%          8    #######
D - Deflect Missiles      Chrm/Air       ######....   2%          6    ######.


Dungeon Overview and Level Annotations

Branches:
Dungeon (15/15)            Temple (1/1) D:5            Lair (8/8) D:11
  Swamp (5/5) Lair:5       Spider (5/5) Lair:5        Slime (0/6) Lair:8
    Orc (4/4) D:11            Elf (3/3) Orc:3        Vaults (5/5) D:14
  Crypt (0/3) Vaults:3     Depths (0/5) D:15

Altars:
Ashenzari
Cheibriados
Dithmenos
Elyvilon
Fedhas
Gozag
Kikubaaqudgha
Makhleb
Nemelex Xobeh
Okawaru
Qazlal
Ru
Sif Muna
Trog
Vehumet
Xom
Yredelemnul
Zin
The Shining One
Beogh

Shops:
D:11 :!*[   Orc:1 [   Orc:4 (=*[   Elf:2 =   Vaults:5 (

Annotations:
Swamp:2 Wiglaf
Elf:2 runed door


Innate Abilities, Weirdness & Mutations

You heal slowly.
You can bottle blood from corpses.
You have razor-sharp teeth.
You have supernaturally acute eyesight.
You can survive without breathing.


Message History

Unknown command.
Unknown command.
You see here 4 curare-tipped needles. 2 deep elf annihilators come into view.
The deep elf annihilator shouts!
You see here an iridescent falchion.
Casting: Control Teleport
Confirm with . or Enter, or press ? or * to list all spells.
You cackle madly at the sight of the eldritch monstrosity.
You feel somewhat dopey.
* * * LOW MAGIC WARNING * * *
Casting: Summon Horrible Things
Confirm with . or Enter, or press ? or * to list all spells.
You don't have enough magic to cast that spell.
Unknown command.
You hit the deep elf annihilator.
The deep elf annihilator is lightly wounded.
The deep elf annihilator points at you and mumbles some strange words.
The iron shot hits you!
You die...

##.## ##.......*##.,,,,,,,,,,,*
##...# #.......*#)e,,⌠,,,,,,,..^
#....###......##?e#,,,,,,,,,....
##..###.......#}e.#********.....
##.###.......#e..#*,..,,,*#....
####.##2...e...#e4#*#'##,,,,*#...
.....##34..4e1.#4#*).=:#*,,,,*#..
####X##3e3...⌠.#e#X.)?.:#***+*#.4
#.##.e......#@eXe}.[%#**,,,#.e
#eee)...#...###Xe$:.$',#......
#3##....##+##**).}().*,*.⌠...)
#.##...e#*,,,,**:.}.#*,*....X)
#.##.....**,,,,*#'###,,*...)..
#.###.....**,,,,,}#*,,,*,.....
##.###.....,*********,,,*,,....
###...###.....,,,,,,,,*,,**,,,...
......# #..,,,,,,,,⌠,,+,**,,,,,,,


You could see 3 deep elf annihilators, 2 deep elf death magi, a deep elf
sorcerer, 2 orange demons, a deep elf priest, 2 deep elf fighters, a friendly
tentacled monstrosity and 2 friendly large abominations.

Vanquished Creatures
  A titan (Vaults:5)
  A shadow dragon (Vaults:5)
  3 tengu reavers (Vaults:5)
  2 ghost moths (Spider:5)
  A fire giant (Vaults:5)
  Maud (Elf:1)
  Louise (Swamp:1)
  A ghoul (Vaults:3)
  5 vault wardens
  An orc warlord (Orc:4)
  A very ugly thing (Vaults:3)
  2 stone giants (Vaults:2)
  3 deep elf demonologists
  A deep elf annihilator (Elf:1)
  A vampire knight (Vaults:3)
  7 vault guards
  An eidolon (Vaults:3)
  3 ettins
  6 yaktaur captains
  5 fire dragons
  A great orb of eyes (Vaults:4)
  Fannar (Elf:2)
  A great orb of eyes (shapeshifter) (Elf:3)
  The ghost of Uberwunderbarhen the Unseen, a powerful SpEn of Ashenzari (Lair:5)
  An ice dragon (Vaults:4)
  6 ironheart preservers
  11 ogre magi
  2 ghost crabs
  5 centaur warriors
  2 alligators
  2 thrashing horrors
  2 tengu warriors (D:14)
  10 death yaks
  An orc high priest (Orc:4)
  11 deep elf knights
  A giant orange brain (Abyss:1)
  4 deep elf summoners
  6 shadow wraiths
  8 ironbrand convokers
  5 deep trolls
  2 necromancers
  2 swamp dragons
  A harpy (Vaults:2)
  A lindwurm (shapeshifter) (Vaults:4)
  An anaconda skeleton (Abyss:1)
  6 hill giants
  A harpy (shapeshifter) (Vaults:3)
  An unseen horror (D:14)
  An ugly thing zombie (Vaults:3)
  9 deep elf conjurers
  9 ugly things
  2 wolf spiders
  A phantasmal warrior (Vaults:5)
  4 orc sorcerers
  A stone giant zombie (Vaults:5)
  The ghost of flammableBen the Destroyer, an experienced DrCj of Vehumet (D:6)
  A sixfirhy (Abyss:1)
  6 cyclopes
  5 griffons
  6 orc knights
  A manticore (D:10)
  An elephant (D:11)
  6 vault sentinels
  A black mamba (shapeshifter) (Abyss:1)
  4 red wasps
  3 centaur zombies
  6 black mambas
  2 gargoyles
  23 spiny frogs
  Psyche (Orc:4)
  3 large abominations (Abyss:1)
  An efreet (D:15)
  A smoke demon (Abyss:1)
  A yaktaur zombie (Vaults:5)
  17 yaktaurs
  5 kobold demonologists
  6 komodo dragons
  A yaktaur (shapeshifter) (Vaults:5)
  2 freezing wraiths
  2 fire drakes (Lair:8)
  A yaktaur skeleton (Vaults:5)
  A hellwing (Abyss:1)
  A silent spectre (Vaults:3)
  9 deep elf priests
  7 giant leeches
  2 polar bears
  7 trolls
  A wind drake (shapeshifter) (Vaults:3)
  A troll (shapeshifter) (Elf:3)
  14 two-headed ogres
  A jumping spider (Vaults:3)
  8 ravens
  2 boulder beetles
  5 bog bodies
  3 shadows
  A trapdoor spider (shapeshifter) (D:14)
  3 basilisks
  20 slime creatures
  2 trapdoor spiders (Lab)
  4 wyverns
  13 blink frogs
  A water elemental (Abyss:1)
  12 deep elf magi
  4 redbacks
  A tarantella (shapeshifter) (D:13)
  14 hippogriffs
  7 humans
  A fire bat (Abyss:1)
  A neqoxec (Orc:4)
  Eustachio (D:4)
  60 yaks
  2 hungry ghosts
  A steam dragon (D:8)
  19 swamp worms
  3 wraiths
  10 wolves
  27 water moccasins
  16 vampire mosquitoes
  A spatial vortex (Abyss:1)
  20 deep elf fighters
  11 insubstantial wisps
  A redback simulacrum (Vaults:2)
  6 wargs
  2 mottled dragons
  12 porcupines
  7 swamp drakes
  4 sky beasts
  2 yellow wasps
  4 spiders (Lair:8)
  11 centaurs
  3 ice beasts
  2 eyes of draining
  16 orc warriors
  2 phantoms
  An elf zombie (Vaults:3)
  34 ogres
  A small abomination (Abyss:1)
  2 boring beetles
  A boggart (Vaults:3)
  Duvessa (D:4)
  5 big kobolds
  20 crocodiles
  17 giant frogs
  2 human skeletons
  A wyvern zombie (D:7)
  9 killer bees
  4 scorpions
  13 wights
  A quasit (Abyss:1)
  Dowan (D:4)
  4 electric eels
  2 goliath beetles
  3 crimson imps
  7 centaur skeletons
  A jelly (shapeshifter) (Vaults:5)
  7 jellies
  11 hounds
  14 orc priests
  A giant frog skeleton (D:4)
  23 orc wizards
  7 worker ants
  Natasha (thrice) (D:4)
  9 iguanas
  23 sheep
  2 hound zombies
  4 hound skeletons
  2 mummies
  27 river rats
  30 adders
  4 shadow imps
  A giant mite (D:10)
  A worm (D:5)
  An adder skeleton (D:7)
  An adder zombie (D:5)
  3 orc zombies (Orc:4)
  7 giant geckos
  An ooze (D:1)
  97 orcs
  13 hobgoblins
  A jackal (D:3)
  16 kobolds
  18 quokkas
  18 bats
  2 giant cockroaches
  5 giant newts
  14 goblins
  A jackal skeleton (D:8)
  13 rats
  13 ballistomycetes
  A briar patch (Swamp:5)
  2 crawling corpses (Vaults:5)
1192 creatures vanquished.

Vanquished Creatures (collateral kills)
  Norris (D:14)
  Saint Roka (Swamp:3)
  2 golden dragons (Vaults:5)
  Jory (Vaults:2)
  Xtahua (Vaults:3)
  2 tentacled monstrosities (Vaults:5)
  5 sphinxes
  A quicksilver dragon (Vaults:5)
  6 titans (Vaults:5)
  An acid blob (shapeshifter) (Vaults:5)
  A tentacled starspawn (Abyss:1)
  Rupert (Lair:4)
  Agnes (Vaults:1)
  3 storm dragons (Vaults:5)
  An azure jelly (shapeshifter) (Vaults:5)
  6 shadow dragons (Vaults:5)
  The ghost of Uberwunderbarhen the Bludgeoner, a mighty GrFi of Okawaru (Orc:4)
  A fire giant (Vaults:5)
  2 tengu reavers (Vaults:5)
  3 frost giants
  3 ghost moths
  Donald (Spider:5)
  4 deep elf sorcerers
  11 vault wardens
  4 emperor scorpions
  An iron dragon (Vaults:5)
  The ghost of Uberwunderbarhen the Unseen, a mighty SpEn of Ashenzari (Swamp:3)
  3 very ugly things
  A war gargoyle (Vaults:5)
  9 stone giants
  5 deep elf demonologists
  2 deep elf annihilators
  The ghost of haldagan the Quickloader, a powerful FoHu of Gozag (Orc:4)
  A small abomination (Vaults:5)
  8 ettins (Vaults:5)
  2 crystal guardians
  A deep elf death mage (Elf:3)
  A minotaur (Lab)
  29 vault guards
  A fire dragon (D:14)
  2 deep elf high priests
  8 yaktaur captains
  4 large abominations
  10 ironheart preservers
  19 hydras
  A hydra (shapeshifter) (Vaults:5)
  Harold (D:12)
  3 ice dragons
  Nessos (D:12)
  2 centaur warriors
  2 death yaks (Lair:7)
  A satyr (shapeshifter) (Vaults:5)
  13 dancing weapons
  A deep troll earth mage (Vaults:3)
  A thrashing horror (Abyss:1)
  2 orc high priests
  4 ogre magi
  5 alligators
  A hell beast (Elf:2)
  Urug (D:12)
  14 deep elf knights
  2 harpies
  A fire crab (Vaults:5)
  A spatial maelstrom (Abyss:1)
  An ice devil (Vaults:5)
  2 spriggan druids (Swamp:5)
  An unseen horror (Vaults:1)
  4 deep elf summoners
  10 swamp dragons
  11 ironbrand convokers
  3 shambling mangroves
  3 griffons
  3 hill giants
  4 deep trolls
  21 orb spiders
  A deep elf conjurer (Vaults:5)
  3 necromancers
  12 orc knights
  3 orc sorcerers (Orc:4)
  31 wolf spiders
  6 red wasps
  19 ugly things
  A wizard (Swamp:1)
  A tengu skeleton (Vaults:5)
  A mana viper (shapeshifter) (D:13)
  A salamander (shapeshifter) (Vaults:5)
  4 cyclopes
  8 black mambas
  A moth of wrath (Spider:5)
  8 vault sentinels
  A guardian serpent (Lair:8)
  3 torpor snails (Spider:3)
  2 fire giant skeletons
  A torpor snail (shapeshifter) (Vaults:3)
  11 demonic crawlers
  A spectral spriggan (Swamp:3)
  17 spiny frogs
  A yaktaur zombie (Vaults:2)
  27 yaktaurs
  A kobold demonologist (D:13)
  An orange demon (Vaults:5)
  6 deep elf priests
  A fire drake (Lair:8)
  2 blue devils (Elf:3)
  30 jumping spiders
  2 wind drakes (shapeshifter) (Vaults:4)
  4 giant leeches
  A queen bee (Lair:3)
  11 two-headed ogres
  30 slime creatures
  3 freezing wraiths
  Prince Ribbit (D:6)
  2 trolls (Orc:4)
  4 bog bodies
  An ettin zombie (Vaults:2)
  12 ravens
  8 baby alligators
  6 boulder beetles
  A raiju (Abyss:1)
  A basilisk (Lair:8)
  21 trapdoor spiders
  15 blink frogs
  A wraith (Vaults:1)
  A shadow (D:11)
  28 yaks
  5 deep elf magi
  10 humans (D:14)
  46 redbacks
  29 tarantellas
  A yak (shapeshifter) (Vaults:1)
  17 deep elf fighters
  3 hippogriffs
  A neqoxec (Abyss:1)
  A chaos spawn (Elf:3)
  11 vampire mosquitoes
  A steam dragon (shapeshifter) (Vaults:5)
  An insubstantial wisp (Swamp:3)
  2 mottled dragons (Lair:8)
  A steam dragon (Lair:8)
  2 hungry ghosts
  31 orc warriors
  A wolf (Lair:4)
  2 porcupines
  4 wargs
  12 swamp worms
  2 yellow wasps (Lair:8)
  2 sky beasts
  12 water moccasins
  11 swamp drakes
  28 spiders
  2 boggarts (Vaults:3)
  5 ice beasts
  3 necrophages
  2 centaurs
  2 crocodiles
  34 ogres
  3 giant frogs
  4 brain worms (Spider:4)
  5 big kobolds
  7 scorpions
  16 killer bees
  2 electric eels
  3 wights
  3 goliath beetles
  A human simulacrum (Vaults:3)
  A centaur zombie (D:5)
  A giant frog zombie (D:12)
  A centaur skeleton (D:6)
  2 iron imps (Abyss:1)
  14 orc priests
  13 orc wizards
  3 hounds
  4 jellies
  3 iguanas
  A hell rat (Elf:1)
  4 worker ants
  8 sheep
  6 adders
  14 river rats
  2 shadow imps
  A white imp (Abyss:1)
  5 worms
  An ufetubus (D:6)
  2 giant geckos
  An ooze (D:1)
  54 orcs
  2 bats
  A giant cockroach (D:1)
  6 hobgoblins
  4 jackals
  2 quokkas
  A giant spore (D:10)
  2 goblins
  11 kobolds
  A lurking horror (Abyss:1)
  2 rats
  5 ballistomycetes
  A briar patch (Swamp:5)
  A plant (Lair:8)
  2 starspawn tentacles (Abyss:1)
1161 creatures vanquished.

Vanquished Creatures (others)
  An ancient lich (Vaults:5)
  A tentacled monstrosity (Elf:3)
  5 sphinxes
  A deep elf blademaster (Elf:3)
  A titan (Vaults:5)
  A quicksilver dragon (Vaults:5)
  A storm dragon (Vaults:5)
  A fire giant (Vaults:5)
  A vault warden (Vaults:5)
  3 stone giants (Vaults:5)
  An ettin (Vaults:5)
  3 ironheart preservers (Vaults:5)
  3 yaktaur captains (Vaults:5)
  A deep troll earth mage (Vaults:5)
  A deep troll shaman (Vaults:5)
  84 harpies
  3 ogre magi (Vaults:5)
  2 shadow wraiths (Vaults:5)
  A shock serpent (shapeshifter) (Vaults:5)
  2 deep elf knights
  A storm dragon zombie (Vaults:3)
  52 lindwurms
  A death drake (shapeshifter) (Vaults:5)
  A deep elf summoner (Elf:2)
  A necromancer (Vaults:2)
  42 manticores
  3 orb spiders
  A wizard (Vaults:1)
  A cyclops (Vaults:1)
  3 ironbrand convokers (Vaults:5)
  2 deep elf conjurers
  10 wolf spiders
  2 moths of wrath
  54 mana vipers
  An orc knight (Vaults:3)
  A guardian serpent (shapeshifter) (Vaults:5)
  A komodo dragon (Vaults:5)
  A vault sentinel (Vaults:5)
  A fire drake (shapeshifter) (Vaults:1)
  A torpor snail (Spider:4)
  10 yaktaurs
  A water elemental (Vaults:5)
  6 freezing wraiths (Vaults:5)
  5 deep elf priests
  A komodo dragon (shapeshifter) (Vaults:5)
  A merfolk (shapeshifter) (Vaults:5)
  2 fire elementals (Vaults:5)
  5 two-headed ogres (Vaults:5)
  2 boulder beetles (Vaults:5)
  7 jumping spiders
  A human zombie (Vaults:3)
  11 trapdoor spiders
  An ettin skeleton (Vaults:3)
  19 redbacks
  9 tarantellas
  A yak (D:11)
  5 deep elf magi
  2 large abominations
  7 wargs
  An insubstantial wisp (Abyss:1)
  6 deep elf fighters
  49 wolves
  A water moccasin (Swamp:5)
  173 ice beasts
  7 spiders
  4 ogres (Vaults:5)
  A boring beetle (Spider:5)
  A centaur (D:10)
  A human simulacrum (Vaults:2)
  5 scorpions
  A lightning spire (D:14)
  7 crimson imps
  An orc priest (Vaults:5)
  A quasit (D:10)
  15 hounds
  4 sheep (Vaults:1)
  A shadow imp (D:6)
  An ufetubus (Abyss:1)
  7 white imps
  4 orcs
  2 quokkas
  A bat (D:3)
  6 giant spores
  2 briar patches (Swamp:5)
  22 butterflies
  18 fungi
  13 plants
  13 starspawn tentacles
  153 starspawn tentacle segments
914 creatures vanquished.

Grand Total: 3267 creatures vanquished

Notes
Turn   | Place    | Note
--------------------------------------------------------------
     0 | D:1      | PolkaDot, the Vampire Summoner, began the quest for the Orb.
     0 | D:1      | Reached XP level 1. HP: 13/13 MP: 3/3
   291 | D:1      | Reached skill level 1 in Fighting
   553 | D:1      | Reached XP level 2. HP: 21/21 MP: 4/4
  1103 | D:2      | Learned a level 2 spell: Call Imp
  1320 | D:2      | Reached XP level 3. HP: 28/28 MP: 6/6
  1889 | D:2      | Found an opulent altar of Gozag.
  2074 | D:2      | Reached XP level 4. HP: 33/35 MP: 4/7
  2465 | D:2      | Learned a level 3 spell: Call Canine Familiar
  2938 | D:3      | HP: 1/36 [orc wizard/magic dart (10)]
  3459 | D:3      | Reached XP level 5. HP: 14/42 MP: 0/9
  4239 | D:4      | Noticed Duvessa
  4239 | D:4      | Noticed Dowan
  4258 | D:4      | Killed Duvessa
  4281 | D:4      | Killed Dowan
  4428 | D:4      | Noticed Eustachio
  4454 | D:4      | Killed Eustachio
  4454 | D:4      | Reached skill level 5 in Fighting
  4454 | D:4      | Reached XP level 6. HP: 28/51 MP: 1/10
  4766 | D:4      | Noticed Natasha
  4774 | D:4      | Killed Natasha
  4774 | D:4      | Reached skill level 1 in Short Blades
  4774 | D:4      | Reached skill level 5 in Summonings
  4837 | D:4      | Noticed Natasha
  5008 | D:4      | Killed Natasha
  5130 | D:4      | Noticed Natasha
  5138 | D:4      | Killed Natasha
  5314 | D:5      | Entered Level 5 of the Dungeon
  5329 | D:5      | Reached XP level 7. HP: 26/56 MP: 12/12
  5331 | D:5      | Found a staircase to the Ecumenical Temple.
  5359 | Temple   | Entered the Ecumenical Temple
  6434 | D:5      | Reached skill level 5 in Short Blades
  6592 | D:5      | Learned a level 4 spell: Summon Ice Beast
  6599 | D:6      | Noticed flammableBen's ghost (experienced DrCj)
  6666 | D:6      | Reached skill level 6 in Summonings
  6670 | D:6      | Reached XP level 8. HP: 23/62 MP: 12/13
  6693 | D:6      | Found a deep blue altar of Sif Muna.
  6696 | D:6      | Became a worshipper of Sif Muna the Loreminder
  6851 | D:6      | Killed flammableBen's ghost
  6967 | D:6      | Acquired Sif Muna's first power
  7059 | D:6      | Reached skill level 7 in Summonings
  7154 | D:6      | Reached skill level 5 in Ice Magic
  7265 | D:6      | Noticed Prince Ribbit
  7337 | D:6      | Killed Prince Ribbit
  7856 | D:7      | Reached XP level 9. HP: 54/68 MP: 4/14
  8603 | D:7      | Reached skill level 8 in Short Blades
  9012 | D:8      | Acquired Sif Muna's second power
  9207 | D:8      | Reached skill level 9 in Short Blades
  9451 | D:8      | Found a shimmering altar of Xom.
  9913 | D:9      | Found a glowing silver altar of Zin.
  9926 | D:9      | Reached skill level 10 in Short Blades
  9928 | D:9      | Reached XP level 10. HP: 50/74 MP: 9/16
 10713 | D:9      | Found a shadowy altar of Dithmenos.
 10713 | D:9      | Found a radiant altar of Vehumet.
 10822 | D:9      | Reached skill level 11 in Short Blades
 10996 | D:9      | Learned a level 3 spell: Ozocubu's Armour
 11012 | D:10     | Entered Level 10 of the Dungeon
 11023 | D:10     | Noticed a hill giant
 11028 | D:10     | Reached skill level 1 in Charms
 11036 | D:10     | Noticed a hill giant
 11215 | D:10     | Killed a hill giant
 11222 | D:10     | Killed a hill giant
 11424 | D:10     | Noticed a hill giant
 11431 | D:10     | Killed a hill giant
 11654 | D:10     | Reached skill level 5 in Charms
 11670 | D:10     | Got a polished scimitar
 11671 | D:10     | Identified the +10 scimitar of Blores {speed, rF++ rN+} (You found it on level 10 of the Dungeon)
 11857 | D:10     | Noticed a manticore
 11865 | D:10     | Killed a manticore
 11865 | D:10     | Reached skill level 10 in Summonings
 12092 | D:11     | Noticed a hill giant
 12095 | D:11     | Found Zaqautt's Distillery.
 12162 | D:11     | Found a staircase to the Lair.
 12162 | D:11     | Noticed an elephant
 12204 | D:11     | Found Coehiuta's Armour Shop.
 12212 | D:11     | Bought the +2 hat of Cluit {MR+ rCorr} for 418 gold pieces
 12315 | D:11     | Found a labyrinth entrance.
 12324 | Lab      | Entered a labyrinth
 12624 | Lab      | Got a transparent tin ring
 12626 | Lab      | Identified the ring of Kizoith {+Blink +Fly AC+5 Stlth-} (You found it in a labyrinth)
 12702 | Lab      | Noticed a minotaur
 12726 | Lab      | Killed a minotaur
 12726 | Lab      | Reached XP level 11. HP: 77/79 MP: 6/17
 12738 | Lab      | Got a warped bone ring
 12743 | Lab      | Identified Khad's Reference Book on Earthen Augmentations
 12750 | Lab      | Got a polished helmet
 12761 | Lab      | Identified the +0 helmet of Qicuvuc {+Inv rC+ Dex+1 Stlth+} (You found it in a labyrinth)
 12766 | Lab      | Identified the ring of Abstinence {rF+ EV+2 Str+2 Dex+3} (You found it in a labyrinth)
 12897 | D:11     | Found a staircase to the Orcish Mines.
 13083 | D:11     | Killed an elephant
 13108 | D:11     | Reached skill level 5 in Long Blades
 13187 | D:11     | Noticed a hill giant
 13197 | D:11     | Killed a hill giant
 13365 | D:11     | Found Desollext's Book Emporium.
 13372 | D:11     | Found Reuffix's Assorted Antiques.
 14204 | Lair:1   | Entered Level 1 of the Lair of Beasts
 14776 | Lair:1   | Acquired Sif Muna's third power
 15811 | Lair:2   | Noticed a five-headed hydra
 15821 | Lair:2   | Killed a five-headed hydra
 16015 | Lair:2   | Reached XP level 12. HP: 57/86 MP: 11/18
 16705 | Lair:3   | Got a shimmering quarterstaff
 16706 | Lair:3   | Identified the +7 quarterstaff of a bailey {speed, Dex+2} (You found it on level 3 of the Lair of Beasts)
 16709 | Lair:3   | nice... but the scimitar got there first
 16826 | Lair:3   | Reached skill level 10 in Long Blades
 16850 | Lair:3   | Reached skill level 12 in Summonings
 17396 | Lair:3   | HP: 3/86 [killer bee (10)]
 18103 | Lair:3   | Reached skill level 1 in Evocations
 18598 | Lair:4   | Noticed a six-headed hydra
 18614 | Lair:4   | Killed a six-headed hydra
 18873 | Lair:4   | Noticed Rupert
 19655 | Lair:4   | Paralysed by Rupert for 4 turns
 20019 | Lair:4   | Killed Rupert
 20798 | Lair:5   | Noticed Uberwunderbarhen's ghost (powerful SpEn)
 20815 | Lair:5   | Killed Uberwunderbarhen's ghost
 20815 | Lair:5   | Reached XP level 13. HP: 78/91 MP: 6/21
 21011 | Lair:5   | Found a hole to the Spider Nest.
 21214 | Lair:5   | Reached skill level 5 in Evocations
 21471 | Lair:5   | Found a staircase to the Swamp.
 22193 | Lair:5   | Learned a level 4 spell: Summon Lightning Spire
 22312 | Lair:6   | Reached skill level 1 in Air Magic
 23017 | Lair:6   | Reached skill level 13 in Summonings
 24846 | Lair:7   | Reached skill level 5 in Air Magic
 24888 | Lair:7   | Learned a level 1 spell: Summon Butterflies
 24890 | Lair:7   | Learned a level 1 spell: Apportation
 26002 | Lair:7   | Reached skill level 5 in Dodging
 26674 | Lair:7   | Reached XP level 14. HP: 68/98 MP: 21/23
 26732 | Lair:8   | Entered Level 8 of the Lair of Beasts
 27085 | Lair:8   | Received a gift from Sif Muna
 27086 | Lair:8   | Identified Sif Muna's Volume of Battle Magic and Flight {god gift} (Sif Muna gifted it to you on level 8 of the Lair of Beasts)
 27246 | Lair:8   | Gained mutation: Your muscles are strong. (Str +2) [potion of beneficial mutation]
 27653 | Lair:8   | Found a staircase to the Slime Pits.
 28737 | Lair:8   | Reached skill level 14 in Summonings
 29552 | D:11     | Killed a hill giant
 29844 | D:12     | Noticed Urug
 29887 | D:12     | Killed Urug
 30370 | D:12     | Noticed Harold
 30382 | D:12     | Killed Harold
 30517 | D:12     | Noticed Nessos
 30551 | D:12     | Killed Nessos
 30861 | D:12     | Identified 2 scrolls of acquirement
 30862 | D:12     | Got a twisted ring mail
 30866 | D:12     | Got a distressingly furry cloak
 30877 | D:12     | Identified the -4 cloak of Dovimmou {Dex+2 Curse} (You acquired it on level 12 of the Dungeon)
 31572 | D:13     | Reached skill level 10 in Dodging
 33109 | D:14     | Found a gate to the Vaults.
 33112 | D:14     | Noticed Norris
 33183 | D:14     | Reached skill level 1 in Translocations
 33546 | D:14     | Reached XP level 15. HP: 62/105 MP: 7/24
 33682 | D:14     | Killed Norris
 34313 | D:14     | Received a gift from Sif Muna
 34646 | D:14     | Identified a +5 rod of the swarm (10/10) (You found it on level 14 of the Dungeon)
 34746 | D:14     | Learned a level 5 spell: Summon Mana Viper
 34812 | D:15     | Entered Level 15 of the Dungeon
 34968 | D:15     | Reached skill level 1 in Hexes
 34968 | D:15     | Reached skill level 15 in Summonings
 35141 | D:15     | Found a staircase to the Depths.
 35424 | D:15     | Gained mutation: You are covered in fur (AC +1). [potion of beneficial mutation]
 36572 | Swamp:1  | Entered Level 1 of the Swamp
 37569 | Swamp:1  | Noticed Louise
 37585 | Swamp:1  | Killed Louise
 38044 | Swamp:1  | Reached skill level 5 in Hexes
 38075 | Swamp:1  | inconvenient.
 38876 | Swamp:2  | Noticed Wiglaf
 39071 | Swamp:1  | Reached skill level 1 in Invocations
 41391 | Swamp:3  | Noticed Uberwunderbarhen's ghost (mighty SpEn)
 41415 | Swamp:3  | Killed Uberwunderbarhen's ghost
 42149 | Swamp:3  | Noticed Saint Roka
 43162 | Swamp:2  | Reached XP level 16. HP: 21/121 MP: 12/25
 45462 | Swamp:3  | Killed Saint Roka
 45462 | Swamp:3  | Reached skill level 10 in Fighting
 46897 | Swamp:4  | Received a gift from Sif Muna
 47830 | Swamp:4  | Identified Sif Muna's Almanac of Hexes {god gift} (Sif Muna gifted it to you on level 4 of the Swamp)
 48112 | Swamp:4  | Learned a level 6 spell: Monstrous Menagerie
 48138 | Swamp:5  | Entered Level 5 of the Swamp
 48994 | Swamp:5  | Got a decaying rune of Zot
 49079 | Swamp:5  | Got a heavy robe
 49118 | Swamp:5  | Identified the cursed +1 robe of the Tortoise {Str+2 Int+3} (You found it on level 5 of the Swamp)
 49232 | Swamp:5  | Learned a level 4 spell: Control Teleport
 50267 | Lair:5   | Upgraded the game from 0.16-a0-3153-gc6d0c83 to 0.16-a0-3171-gce70061
 50701 | Orc:1    | Entered Level 1 of the Orcish Mines
 50732 | Orc:1    | Found Iricsagg's Antique Armour Boutique.
 50762 | Orc:1    | Bought a runed cloak for 112 gold pieces
 50789 | Orc:1    | Found an iron altar of Okawaru.
 51311 | Orc:3    | Reached skill level 5 in Spellcasting
 51565 | Orc:3    | Found a staircase to the Elven Halls.
 52007 | Orc:4    | Entered Level 4 of the Orcish Mines
 52020 | Orc:4    | Noticed Uberwunderbarhen's ghost (mighty GrFi)
 52041 | Orc:4    | Killed Uberwunderbarhen's ghost
 52199 | Orc:4    | Found a roughly hewn altar of Beogh.
 52316 | Orc:4    | Found Piffaac's Jewellery Shop.
 52494 | Orc:4    | Found Yxurais' Antique Weapon Shoppe.
 52506 | Orc:4    | Reached skill level 16 in Summonings
 52564 | Orc:4    | Found Amochaso's General Store.
 52628 | Orc:4    | Gained mutation: You are dopey. (Int -2) [a neqoxec]
 52630 | Orc:4    | Found Egax's Antique Armour Emporium.
 52646 | Orc:4    | Noticed haldagan's ghost (powerful FoHu)
 52734 | Orc:4    | Killed haldagan's ghost
 52772 | Orc:4    | Paralysed by an orc sorcerer for 6 turns
 53163 | Orc:4    | Noticed Psyche
 53184 | Orc:4    | Killed Psyche
 53597 | Spider:1 | Entered Level 1 of the Spider Nest
 53934 | Spider:1 | Received a gift from Sif Muna
 54634 | Spider:2 | Learned a level 5 spell: Shadow Creatures
 57186 | Spider:4 | Reached XP level 17. HP: 93/128 MP: 1/31
 57198 | Spider:4 | Found a roughly hewn altar of Beogh.
 57618 | Spider:5 | Entered Level 5 of the Spider Nest
 57846 | Spider:5 | Received a gift from Sif Muna
 57873 | Spider:5 | Reached skill level 5 in Invocations
 57884 | Spider:5 | Identified Sif Muna's Arcane Arts Continued {god gift} (Sif Muna gifted it to you on level 5 of the Spider Nest)
 58387 | Spider:5 | Got a gossamer rune of Zot
 58689 | Spider:5 | Noticed Donald
 58703 | Spider:5 | Killed Donald
 59142 | Spider:5 | Learned a level 6 spell: Deflect Missiles
 59733 | Vaults:1 | Entered Level 1 of the Vaults
 60193 | Vaults:1 | HP: 4/128 [yaktaur captain/bolt (22)]
 60922 | Vaults:1 | Noticed Agnes
 60932 | Vaults:1 | Killed Agnes
 61145 | Vaults:1 | Received a gift from Sif Muna
 62732 | Vaults:2 | Lost mutation: Your muscles are strong. (Str +2) [potion of cure mutation]
 62732 | Vaults:2 | Lost mutation: You are covered in fur (AC +1). [potion of cure mutation]
 62732 | Vaults:2 | Lost mutation: You are dopey. (Int -2) [potion of cure mutation]
 62792 | Vaults:2 | Reached skill level 17 in Summonings
 62837 | Vaults:2 | Received a gift from Sif Muna
 62864 | Vaults:2 | Identified Sif Muna's Tome of Boosts {god gift} (Sif Muna gifted it to you on level 2 of the Vaults)
 63184 | Vaults:2 | Noticed Jory
 63199 | Vaults:2 | Killed Jory
 63199 | Vaults:2 | Reached XP level 18. HP: 127/135 MP: 3/33
 63518 | Vaults:2 | Reached skill level 10 in Charms
 64305 | Vaults:3 | Noticed Xtahua
 64329 | Vaults:3 | Killed Xtahua
 64854 | Vaults:3 | Reached skill level 5 in Stealth
 65710 | Vaults:3 | Found a staircase to the Crypt.
 66190 | Vaults:3 | Reached skill level 10 in Air Magic
 66199 | Vaults:3 | Received a gift from Sif Muna
 66251 | Vaults:3 | Identified Breq's Grimoire of Calling {god gift} (Sif Muna gifted it to you on level 3 of the Vaults)
 66261 | Vaults:3 | Learned a level 3 spell: Abjuration
 66320 | Vaults:3 | Reached skill level 1 in Shields
 67539 | Vaults:4 | Reached XP level 19. HP: 71/140 MP: 24/34
 68223 | Vaults:4 | Reached skill level 18 in Summonings
 68383 | Vaults:5 | Entered Level 5 of the Vaults
 68395 | Vaults:5 | Reached skill level 5 in Shields
 68422 | Vaults:5 | Noticed a golden dragon
 68434 | Vaults:5 | Killed a golden dragon
 68441 | Vaults:5 | Reached skill level 10 in Stealth
 68795 | Vaults:5 | Noticed an ancient lich
 68814 | Vaults:5 | Killed an ancient lich
 69270 | Vaults:5 | Found Ghufania's Weapon Boutique.
 70045 | Vaults:5 | Got a silver rune of Zot
 70193 | Vaults:5 | Got a fine spear {freeze}
 70194 | Vaults:5 | Identified the +9 spear "Bro Tei" {freeze, +Rage +Fly MR+ SInv} (You took it off a vault sentinel on level 5 of the Vaults)
 70195 | Vaults:5 | a bit late, even if I had gone polearms. Stil very nice though
 70339 | Vaults:5 | new sack o' spiders tile, niiiice
 70630 | Vaults:5 | Got a transparent dagger
 70631 | Vaults:5 | Identified the +6 dagger of Duty {drain, +Blink Int-1} (You found it on level 5 of the Vaults)
 70793 | Vaults:5 | Noticed a golden dragon
 70808 | Vaults:5 | Reached XP level 20. HP: 132/147 MP: 8/35
 70809 | Vaults:5 | Killed a golden dragon
 70907 | Vaults:5 | Got a scintillating graven amulet
 70909 | Vaults:5 | Identified the amulet of Okawaru's Reproof {Stasis Contam +Fly Slay+4} (You found it on level 5 of the Vaults)
 70919 | Vaults:5 | Got a transparent dagger
 70920 | Vaults:5 | Identified the cursed +0 dagger of Gahot {venom, rPois} (You found it on level 5 of the Vaults)
 71018 | Vaults:5 | Reached skill level 10 in Shields
 71123 | Vaults:5 | Noticed a golden dragon
 71123 | Vaults:5 | a shadow dragon changed into a golden dragon
 71127 | Vaults:5 | a golden dragon changed into an acid blob
 71220 | Vaults:5 | Learned a level 8 spell: Summon Horrible Things
 72000 | Vaults:5 | Found Ghufania's Weapon Boutique.
 72960 | Orc:4    | Bought an uncursed ring of sustain abilities for 280 gold pieces
 73021 | Elf:1    | Entered Level 1 of the Elven Halls
 73360 | Elf:1    | Noticed Maud
 73381 | Elf:1    | Killed Maud
 73391 | Elf:1    | Gained mutation: You are weak. (Str -2) [potion of mutation]
 73391 | Elf:1    | Gained mutation: You are partially covered in molten scales (AC +1). [potion of mutation]
 73392 | Elf:1    | Lost mutation: You are weak. (Str -2) [potion of cure mutation]
 73392 | Elf:1    | Lost mutation: You are partially covered in molten scales (AC +1). [potion of cure mutation]
 74209 | Elf:2    | Reached skill level 19 in Summonings
 74218 | Elf:2    | Found a huge runed gate.
 74219 | Elf:2    | Found a huge runed gate.
 74227 | Elf:2    | Found a huge runed gate.
 74393 | Elf:2    | Found Pagrag's Jewellery Shoppe.
 74395 | Elf:2    | Noticed Fannar
 74404 | Elf:2    | Killed Fannar
 74718 | Elf:2    | Gained mutation: Your spells are a little easier to cast, but a little less powerful. [mutagenic glow]
 74722 | Elf:2    | Lost mutation: Your spells are a little easier to cast, but a little less powerful. [potion of cure mutation]
 75506 | Elf:3    | Entered Level 3 of the Elven Halls
 76681 | Elf:3    | Cast into the Abyss (a deep elf sorcerer)
 76690 | Abyss:1  | Got an ichor-stained shield
 76736 | Abyss:1  | Found a shattered altar of Ashenzari.
 77596 | Abyss:1  | Noticed an ancient lich
 77957 | Abyss:2  | Got a scorched glass ring
 77973 | Abyss:2  | Identified the ring "Yxzy Cyo" {Int+1 Stlth+} (You found it on level 2 of the Abyss)
 77974 | Abyss:2  | Identified the +0 shield of Culotep {Str+1 Stlth+} (You found it on level 1 of the Abyss)
 78150 | Elf:3    | Escaped the Abyss
 78166 | Elf:3    | Killed from afar by a deep elf annihilator

Action                   |  1- 3 |  4- 6 |  7- 9 | 10-12 | 13-15 | 16-18 | 19-21 || total
-------------------------+-------+-------+-------+-------+-------+-------+-------++-------
Melee: Unarmed           |    92 |       |       |       |       |       |     1 ||    93
       Dagger            |    82 |   130 |       |       |       |       |       ||   212
       Short sword       |       |    14 |       |       |       |       |       ||    14
       Rapier            |       |    63 |   302 |   113 |       |       |       ||   478
       Scimitar          |       |       |       |   651 |  1786 |  1613 |   862 ||  4912
       Staff             |       |       |       |       |       |    15 |       ||    15
 Cast: Summon Small Mamm |    22 |     2 |     4 |       |       |       |       ||    28
       Call Imp          |    13 |    29 |    28 |     6 |       |       |       ||    76
       Call Canine Famil |       |    10 |    21 |    55 |    63 |       |       ||   149
       Summon Ice Beast  |       |       |    30 |   154 |   329 |   105 |       ||   618
       Ozocubu's Armour  |       |       |       |     8 |    12 |     1 |     1 ||    22
       Summon Lightning  |       |       |       |       |    10 |     1 |       ||    11
       Summon Butterflie |       |       |       |       |     3 |     7 |       ||    10
       Summon Mana Viper |       |       |       |       |    72 |   128 |    31 ||   231
       Monstrous Menager |       |       |       |       |       |   344 |   197 ||   541
       Shadow Creatures  |       |       |       |       |       |   228 |   145 ||   373
       Apportation       |       |       |       |       |       |     9 |    12 ||    21
       Control Teleport  |       |       |       |       |       |     5 |    18 ||    23
       Deflect Missiles  |       |       |       |       |       |     2 |     6 ||     8
       Summon Horrible T |       |       |       |       |       |       |     5 ||     5
Invok: Channel Energy    |       |       |    40 |   200 |   437 |  1721 |   727 ||  3125
 Abil: End Transformatio |       |       |       |     4 |     8 |     4 |     7 ||    23
       Bat Form          |       |       |       |     4 |     8 |     4 |     7 ||    23
       Evoke Flight      |       |       |       |       |     2 |    10 |     4 ||    16
       Evoke Invisibilit |       |       |       |       |     3 |     3 |     2 ||     8
       Turn Visible      |       |       |       |       |     1 |     1 |       ||     2
       Evoke Blink       |       |       |       |       |     4 |    13 |    11 ||    28
Evoke: Wand              |       |       |       |     4 |     7 |     5 |     9 ||    25
       Lamp of fire      |       |       |       |       |       |       |     2 ||     2
       Phial of floods   |       |       |       |       |       |       |     2 ||     2
  Use: Potion            |     1 |    10 |    26 |    95 |   154 |   137 |   129 ||   552
       Scroll            |       |       |    14 |    15 |    30 |    28 |    26 ||   113
 Stab: Sleeping          |     4 |       |     2 |     3 |    13 |    16 |    10 ||    48
       Distracted        |     1 |     1 |     1 |     8 |    24 |    22 |    15 ||    72
       Confused          |       |       |       |     1 |       |     4 |       ||     5
       Invisible         |       |       |       |       |    26 |     9 |       ||    35
       Paralysed         |       |       |       |       |       |     7 |     5 ||    12
  Eat: Corpse            |    14 |     7 |       |     6 |    24 |    30 |       ||    81
